 Dungeon Crawl Stone Soup version 0.29.1-1-gd02db6906a (webtiles) character file.

Game seed: 9817326390905513253

78 melkoren the Trooper (level 4, -3/40 HPs)
             Began as a Draconian Berserker on Sept 26, 2022.
             Was a Believer of Trog.
             Slain by an orc wizard
             ... wielding a +0 dagger
              (4 damage)
             ... on level 4 of the Dungeon.
             The game lasted 00:05:26 (3512 turns).

melkoren the Trooper (Draconian Berserker)          Turns: 3512, Time: 00:05:26

Health: -3/40      AC:  5    Str: 16 (19) XL:     4   Next: 15%
Magic:  0/4        EV: 12    Int:  6 (7)  God:    Trog [**....]
Gold:   119        SH:  0    Dex: 10 (13) Spells: 3/3 levels left

rFire   . . .      SeeInvis .   k - +0 battleaxe
rCold   . . .      Faith    .   (shield currently unavailable)
rNeg    . . .      Spirit   +   (body armour unavailable)
rPois   .          Reflect  .   (helmet restricted)
rElec   .          Harm     .   (no cloak)
rCorr   .          Rampage  .   (no gloves)
Will    .....                   (no boots)
Stlth   +.........              b - amulet of guardian spirit
HPRegen 0.13/turn               (no ring)
MPRegen 0.09/turn               (no ring)

@: mighty, flying
A: AC +5, unfitting armour, cold-blooded
a: Renounce Religion, Berserk, Trog's Hand


You were on level 4 of the Dungeon.
You worshipped Trog.
Trog was pleased with you.
You visited 1 branch of the dungeon, and saw 4 of its levels.

You collected 119 gold pieces.

Inventory:

Hand Weapons
 a - a +0 hand axe
 k - a +0 battleaxe (weapon)
Jewellery
 b - an amulet of guardian spirit (around neck)
 f - a ring of positive energy
 h - an amulet of magic regeneration
Scrolls
 d - 2 scrolls of magic mapping
 e - a scroll of noise
 g - 3 scrolls of identify
Potions
 c - a potion of magic


   Skills:
 + Level 4.0 Fighting
 * Level 4.0 Axes
 + Level 3.3 Dodging


You had 3 spell levels left.
You didn't know any spells.
Your spell library was empty.

Dungeon Overview and Level Annotations

Branches:
Dungeon (4/15)
 Temple: D:4-7

Altars:

Shops:
D:1 (   D:2 *


Innate Abilities, Weirdness & Mutations

Your plain brown scales are hard. (AC +5)
You cannot fit into any form of body armour.
You are cold-blooded and may be slowed by cold attacks.


Message History

Trog accepts your kill.
You miss something. x2
You hear some strange, mumbled words.
A puff of flame appears from out of thin air!
The puff of flame hits you!
* * * LOW HITPOINT WARNING * * *
Something hits you but does no damage.
You hear some strange, mumbled words.
Something tries to affect you, but you resist.
Something barely misses you.
You closely miss something. x2; Something hits you.
* * * LOW HITPOINT WARNING * * *
You hear some strange, mumbled words.
You are confused.
Okay, then.
You are too confused!
Something hits you but does no damage.
You hear some strange, mumbled words.
A puff of flame appears from out of thin air!
The puff of flame misses you. Something hits you but does no damage.
Items here: )) [[ †.
You bump into the rock wall.
Something hits you but does no damage.
You miss something. x2; Something hits you but does no damage. x2
Something hits you.
* * * LOW HITPOINT WARNING * * *
Something barely misses you.
You're too confused to move!
Something hits you.
* * * LOW HITPOINT WARNING * * *
Something hits you.
* * * LOW HITPOINT WARNING * * *
You bump into the rock wall.
Something hits you.
* * * LOW HITPOINT WARNING * * *
Something hits you.
Okay, then.
You are too confused!
Okay, then.
Found a scroll labelled WIENITEUXKERR.
You feel less confused. Something hits you.
You die...

.?. .. .. ##.#. #.
.## #.... . ..
#.#.# .#.# .... #..
#.. #.#
#..###.########
#..@){........#
........{#)######.#
#####...##.# #.#
#..###.# #.# #..
..# #.# ##. ### #.#
#+ #.##### #.....#
##.#.#.#


There were no monsters in sight!

Vanquished Creatures
  2 adders (D:2)
  A worm (D:2)
  A dart slug (D:2)
  4 orcs
  A ball python (D:2)
  3 endoplasms
  3 giant cockroaches
  4 goblins
  8 hobgoblins
  2 jackals (D:3)
  A quokka (D:1)
  4 bats
  2 frilled lizards (D:2)
  4 kobolds
  9 rats
49 creatures vanquished.

Vanquished Creatures (others)
  A bat (D:2)
1 creature vanquished.

Grand Total: 50 creatures vanquished

Notes
Turn   | Place    | Note
-------+----------+-------------------------------------------
     0 | D:1      | melkoren the Draconian Berserker began the quest for the
                  | Orb.
     0 | D:1      | Reached XP level 1. HP: 19/19 MP: 1/1
    12 | D:1      | Found Pyir Morgh's Weapon Boutique.
   329 | D:1      | Reached XP level 2. HP: 26/26 MP: 2/2
   771 | D:2      | Found Effan's Assorted Antiques.
   783 | D:2      | Reached ** piety under Trog
   939 | D:2      | Reached XP level 3. HP: 23/33 MP: 3/3
  2449 | D:2      | Found a faded altar of an unknown god.
  3221 | D:3      | Reached XP level 4. HP: 40/40 MP: 2/4
  3511 | D:4      | HP: 1/40 [something (2)]
  3512 | D:4      | Slain by an orc wizard

Illustrated notes

Levels and vault maps discovered:
D:1:      minmay_arrival_statue_studded, layout_basic, serial_corexii_hall,
          chequers_hall_statues_y, corexii_hall_statues_u,
          chequers_hall_statues_y, corexii_hall_statues_s, serial_shops,
          shop_fountains
D:2:      layout_basic, basic_ecumenical_altar, serial_shops, shop,
          amethyst_killhole
D:3:      layout_rooms
D:4:      layout_loops_corners, grunt_gozag_breadcrumbs, zin_statuary,
          temple_fountains, st_stairs_11, minmay_rat_hole

Skill      XL: |  1  2  3  4 |
---------------+-------------+-----
Dodging        | 3 |  3.3
Fighting       | 4 |  4.0
Axes           | 4 |  4.0

Action                   |  1- 3 |  4- 6 || total
-------------------------+-------+-------++-------
Melee: Hand axe          |   123 |       ||   123
       Tailslap          |    15 |     2 ||    17
       Battleaxe         |       |    17 ||    17
  Use: Scroll            |     7 |       ||     7
       Potion            |       |     4 ||     4
 Stab: Sleeping          |     1 |       ||     1
Armor: Skin              |    49 |    25 ||    74
Dodge: Dodged            |   109 |    22 ||   131
